 Dungeon Crawl Stone Soup version 0.20.1-1-g8b1a95d66d (webtiles) character file.

33 Hvezdomuz the Charmwright (level 3, -2/29 HPs)
             Began as a Centaur Skald on Dec 3, 2017.
             Slain by a gnoll
             ... wielding a +0 flail
              (7 damage)
             ... on level 2 of the Dungeon.
             The game lasted 00:04:04 (1687 turns).

Hvezdomuz the Charmwright (Centaur Skald)           Turns: 1687, Time: 00:04:04

Health: -2/29      AC:  4    Str: 13    XL:     3   Next: 12%
Magic:  1/5        EV:  9    Int: 13    God:
Gold:   65         SH:  0    Dex:  8    Spells: 0/5 levels left

rFire    . . .     SeeInvis .   a - +0 mace
rCold    . . .     Gourm    .   (no shield)
rNeg     . . .     Faith    .   b - +0 leather armour
rPois    .         Spirit   .   (no helmet)
rElec    .         Reflect  .   (no cloak)
rCorr    .         Harm     .   (no gloves)
MR       .....                  (no barding)
Stlth    ..........             (no amulet)
Regen    0.1/turn               (no ring)
MPRegen  0.1/turn               (no ring)

@: very slightly contaminated, very quick
A: hooves 3, deformed body, speed 2, tough skin 3
a: no special abilities


You were on level 2 of the Dungeon.
You were not hungry.

You visited 1 branch of the dungeon, and saw 2 of its levels.

You collected 65 gold pieces.

Inventory:

Hand Weapons
 a - a +0 mace (weapon)
Missiles
 e - 8 poisoned needles (quivered)
 g - 39 bolts
Armour
 b - a +0 leather armour (worn)
Scrolls
 h - 3 scrolls of identify {unknown}
 o - a scroll of remove curse {unknown}
Potions
 j - 2 potions of brilliance {unknown}
 k - a potion of magic {unknown}
 l - a potion of resistance {unknown}
 m - a potion of might {unknown}
Books
 c - a book of Battle

   Spells                             Type                      Level
   a - Infusion                       Charms                       1
   b - Shroud of Golubria             Charms/Translocation         2
   c - Song of Slaying                Charms                       2
   d - Spectral Weapon                Hexes/Charms                 3
   e - Regeneration                   Charms/Necromancy            3
Comestibles
 d - a bread ration
 f - a meat ration
 n - a royal jelly


   Skills:
 + Level 2.2 Fighting
 + Level 2.0 Maces & Flails
 + Level 1.0 Armour
 + Level 1.6 Dodging
 + Level 1.8 Spellcasting
 + Level 3.0 Charms


You couldn't memorise any spells.
You knew the following spells:

 Your Spells              Type           Power        Failure   Level  Hunger
a - Infusion              Chrm           #...         10%         1    ##.....
b - Shroud of Golubria    Chrm/Tloc      #.........   26%         2    ###....
c - Song of Slaying       Chrm           #.......     14%         2    ###....


Dungeon Overview and Level Annotations

Branches:
Dungeon (2/15)

Altars:


Innate Abilities, Weirdness & Mutations

You have hooves in place of feet.
Armour fits poorly on your strangely shaped body.
You cover ground very quickly.
You have extremely tough skin. (AC +3)


Message History

The gnoll is moderately wounded.
Your shroud bends the gnoll's attack away.
You barely miss the gnoll.
The gnoll is moderately wounded.
Your shroud bends the gnoll's attack away.
The gnoll hits you with a flail!
Your shroud falls apart!
You hit the gnoll.
The gnoll is severely wounded.
The gnoll hits you from afar with a halberd!
The gnoll barely misses you.
The gnoll hits you from afar with a halberd.
* * * LOW HITPOINT WARNING * * *
It was a potion of curing.
You feel better. The gnoll hits you with a flail.
* * * LOW HITPOINT WARNING * * *
You feel better.
The gnoll hits you from afar with a halberd.
* * * LOW HITPOINT WARNING * * *
The gnoll hits you with a flail!
You die...

.P ≈≈≈ ≈≈≈
######## ≈≈≈
###......######.
P≈###
#.......@gggg..>
≈...##
#.#......######.
.≈...#
#.#......#
≈..#.#
#.#......#
..##.#
#.########
.....# #.#
..#### #.#
#.####
##.########
.....#
#..........


You could see 4 gnolls.

Vanquished Creatures
  An adder (D:2)
  2 dart slugs (D:1)
  3 bats
  A goblin (D:1)
  4 hobgoblins
  2 jackals (D:2)
  2 kobolds
  A frilled lizard (D:1)
  2 rats (D:1)
18 creatures vanquished.

Notes
Turn   | Place    | Note
-------+----------+-------------------------------------------
     0 | D:1      | Hvezdomuz the Centaur Skald began the quest for the Orb.
     0 | D:1      | Reached XP level 1. HP: 17/17 MP: 3/3
   162 | D:1      | Reached XP level 2. HP: 4/24 MP: 4/4
   452 | D:1      | Learned a level 2 spell: Shroud of Golubria
   781 | D:1      | Reached skill level 3 in Charms
  1374 | D:2      | Reached XP level 3. HP: 16/29 MP: 0/5
  1422 | D:2      | Learned a level 2 spell: Song of Slaying
  1456 | D:2      | Reached skill level 1 in Armour
  1687 | D:2      | Slain by a gnoll

Skill      XL: |  1  2  3 |
---------------+----------+-----
Charms         | 3 |  3.0
Maces & Flails | 2 |  2.0
Armour         | 1 |  1.0
Fighting       | |  2.2
Dodging        | |  1.6
Spellcasting   | |  1.8

Action                   || total
-------------------------++-------
Melee: Mace              ||    70
       Kick              ||     6
 Cast: Infusion          ||     5
       Shroud of Golubri ||     1
  Use: Potion            ||     2
  Eat: Chunk             ||     2
Armor: Leather armour    ||    32
Dodge: Dodged            ||    54
